 Dungeon Crawl Stone Soup version 0.28-a0-730-g892d06dc2c (webtiles) character file.

Game seed: 17821916871349753497

34 lawman0 the Grave Robber (level 3, -1/24 HPs)
             Began as a Demonspawn Necromancer on Oct 29, 2021.
             Succumbed to a kobold's poison
             ... on level 2 of the Dungeon.
             The game lasted 00:02:14 (1760 turns).

lawman0 the Grave Robber (Demonspawn Necromancer)   Turns: 1760, Time: 00:02:14

Health: -1/24      AC:  2    Str:  8    XL:     3   Next: 14%
Magic:  3/6        EV: 12    Int: 17    God:
Gold:   97         SH:  0    Dex: 13    Spells: 5/6 levels left

rFire   . . .      SeeInvis .   f - +0 falchion
rCold   . . .      Faith    .   (no shield)
rNeg    . . .      Spirit   .   a - +0 robe
rPois   .          Reflect  .   (no helmet)
rElec   .          Harm     .   (no cloak)
rCorr   .          Rampage  .   (no gloves)
Will    .....                   (no boots)
Stlth   ++........              (no amulet)
HPRegen 0.08/turn               (no ring)
MPRegen 0.10/turn               (no ring)

@: lethally poisoned (-1 -> -23)
A: claws 1, powered by death 1
a: no special abilities


You were on level 2 of the Dungeon.
You visited 1 branch of the dungeon, and saw 2 of its levels.

You collected 97 gold pieces.

Inventory:

Hand Weapons
 f - a +0 falchion (weapon)
Armour
 a - a +0 robe (worn)
Scrolls
 b - a scroll of fog {unknown}
 c - a scroll of acquirement {unknown}
 d - a scroll of fear {unknown}
 e - a scroll of identify {unknown}
Potions
 g - a potion of curing {unknown}


   Skills:
 + Level 2.1 Dodging
 + Level 1.8 Stealth
 + Level 2.0 Spellcasting
 * Level 5.3 Necromancy


You had 5 spell levels left.
You knew the following spells:

 Your Spells              Type           Power      Damage    Failure   Level
a - Pain                  Necr           76%        1d7       2%          1

Your spell library contained the following spells:

 Spells                   Type           Power      Damage    Failure   Level
 Animate Skeleton         Necr           38%        N/A       2%          1
 Vampiric Draining        Necr           9%         2d7       7%          3
 Animate Dead             Necr           9%         N/A       22%         4
 Agony                    Necr           19%        N/A       52%         5


Dungeon Overview and Level Annotations

Branches:
Dungeon (2/15)

Altars:


Innate Abilities, Weirdness & Mutations

You have sharp fingernails.
You regenerate a little health from kills.


Message History

You kill the kobold!
The endoplasm hits you but does no damage.
You hit the endoplasm but do no damage.
The endoplasm hits you but does no damage.
You hit the endoplasm.
The endoplasm is moderately wounded.
The endoplasm closely misses you.
You barely miss the endoplasm.
The endoplasm is moderately wounded.
The endoplasm barely misses you. The endoplasm freezes you.
You are frozen.
The kobold hits you but does no damage.
You are poisoned.
Your magical contamination has completely faded away.
You hit the endoplasm but do no damage.
The endoplasm is moderately wounded.
You feel very sick. The endoplasm barely misses you. The kobold misses you.
You hit the endoplasm.
The endoplasm is almost dead.
You feel sick.
The endoplasm hits you but does no damage.
The kobold misses you.
You hit the endoplasm but do no damage.
The endoplasm is almost dead.
You feel sick.
The endoplasm hits you but does no damage.
The kobold hits you with a +1 dagger of venom.
You are lethally poisoned!
The endoplasm freezes you.
You are frozen.
You closely miss the kobold.
* * * LOW HITPOINT WARNING * * *
You feel very sick.
The kobold hits you with a +1 dagger of venom.
* * * LOW HITPOINT WARNING * * *
You are more poisoned.
The endoplasm barely misses you. The kobold barely misses you.
You closely miss the kobold.
You die...

#.# ....##.
...##
.......#####
####...
......... ..
... ......#
..# #.#.##
.....# #.#
#.....
#...###.# #.
#.KJ#...## ##
#..@#.##.###
#
#.#........#
## ..
##..##..##
####. #..
#.###<.#
#.... ... #.#
#..# #.#.# ##
#.# ##.##
##.#.. ..#
#..####..###
...
#.......####
.###
#............


You could see an endoplasm and a kobold.

Vanquished Creatures
  An adder (D:2)
  A dart slug (D:1)
  2 bats
  3 endoplasms
  A giant cockroach (D:1)
  A goblin (D:1)
  4 hobgoblins
  2 quokkas
  A ball python (D:1)
  4 kobolds
  A rat (D:2)
21 creatures vanquished.

Notes
Turn   | Place    | Note
-------+----------+-------------------------------------------
     0 | D:1      | lawman0 the Demonspawn Necromancer began the quest for the
                  | Orb.
     0 | D:1      | Reached XP level 1. HP: 13/13 MP: 3/3
   652 | D:1      | Found a faded altar of an unknown god.
   715 | D:1      | Gained mutation: You have sharp fingernails. [demonic
                  | ancestry]
   715 | D:1      | Reached XP level 2. HP: 15/19 MP: 0/5
  1188 | D:1      | Reached skill level 5 in Necromancy
  1477 | D:2      | Gained mutation: You regenerate a little health from kills.
                  | [demonic ancestry]
  1477 | D:2      | Reached XP level 3. HP: 7/24 MP: 0/6
  1760 | D:2      | Succumbed to a kobold's poison

Illustrated notes

Levels and vault maps discovered:
D:1:      dpeg_arrival_signposts, layout_basic,
          shapermc_ecumenical_altar_mp_urbaneastern, serial_glass,
          glass_columns_c, glass_columns_b, minivault_4
D:2:      layout_rooms, serial_curves, eino_curves_02, eino_curves_01,
          eino_curves_02, minmay_joined_circles

Skill      XL: |  1  2 |
---------------+-------+-----
Necromancy     | 5 |  5.3
Dodging        | 2 |  2.1
Stealth        | |  1.8
Spellcasting   | |  2.0

Action                   || total
-------------------------++-------
Melee: Unarmed           ||    10
       Short sword       ||    10
       Falchion          ||    13
 Cast: Pain              ||    44
Armor: Robe              ||    12
Dodge: Dodged            ||    33

Table legend: (Time is in decaauts)
 A = Elapsed time spent in this place.
 B = Non-inter-level travel time spent in this place.
 C = Inter-level travel time spent in this place.
 D = Time resting spent in this place.
 E = Time spent auto-exploring this place.
 F = Levels seen in this place.
 G = Mean time per level.
                   A        B        C        D        E       F      G
               +--------+--------+--------+--------+--------+-----+--------+
         Total |   1764 |   1747 |     17 |    481 |   1098 |   2 |  882.0 |
       Dungeon |   1764 |   1747 |     17 |    481 |   1098 |   2 |  882.0 |
               +--------+--------+--------+--------+--------+-----+--------+

Top non-repeatable levels by time:
     D:1: 1302 daAuts
     D:2: 461 daAuts
